 Dungeon Sprint DCSS version 0.19.0-22-gd96e5fe (webtiles) character file.

433 dobroeutro the Grappler (level 6, -2/66 HPs)
             Began as a Troll Berserker on Nov 19, 2016.
             Was a Believer of Trog.
             Slain by Sonja
             ... wielding a +0 dagger of distortion
              (7 damage)
             ... in the Dungeon (Sprint I: "Red Sonja").
             The game lasted 00:01:20 (239 turns).

dobroeutro the Grappler (Troll Berserker)            Turns: 239, Time: 00:01:20

Health: -2/66      AC:  5    Str: 27    XL:     6   Next: 67%
Magic:  5/5        EV: 10    Int:  3    God:    Trog [**....]
Gold:   297        SH:  0    Dex: 10    Spells: 0 memorised, 5 levels left

rFire  . . .     SeeInvis .       - Unarmed
rCold  . . .     Gourm    +     a - +0 animal skin
rNeg   . . .     Faith    .     (no shield)
rPois  .         Spirit   .     (helmet restricted)
rElec  .         Reflect  .     (no cloak)
rCorr  .         Harm     .     (gloves unavailable)
MR     .....     NoTele   +     (boots unavailable)
Stlth  +.........               (no amulet)
                                (no ring)
                                (no ring)

@: lethally poisoned (-2 -> -10), exhausted, slowed, very slow
A: unfitting armour, claws 3, fast metabolism 3, gourmand, regeneration 1,
shaggy fur 1, tough skin 2
a: Berserk, Trog's Hand, Burn Spellbooks, Renounce Religion


You were in the Dungeon.
You worshipped Trog.
Trog was pleased with you.
You were very hungry.

You visited 1 branch You collected 297 gold pieces.

Inventory:

Armour
 a - a +0 animal skin (worn)
Scrolls
 h - a scroll of blinking
Potions
 e - a potion of haste
 f - 2 potions of magic
 g - a potion of berserk rage
Comestibles
 b - 2 bread rations


   Skills:
 + Level 5.0 Fighting
 - Level 2.4 Dodging
 + Level 13.3 Unarmed Combat


You had 5 spell levels left.
You didn't know any spells.

Dungeon Overview and Level Annotations

Branches:
Dungeon (1/1)

Altars:
Cheibriados
Dithmenos
Elyvilon
Fedhas
Gozag
Hepliaklqana
Kikubaaqudgha
Okawaru
Qazlal
Ru
Sif Muna
Trog
Uskayaw
Vehumet
Yredelemnul
Zin
The Shining One

Shops:
D %

Annotations:
D Sonja


Innate Abilities, Weirdness & Mutations

You are too large for most types of armour.
You have claws for hands.
Your metabolism is lightning-fast.
You like to eat raw meat.
Your natural rate of healing is unusually fast.
You are covered in fur. (AC +1)
You have very tough skin. (AC +2)


Message History

Sonja shoots a curare-tipped needle.
The curare-tipped needle hits you.
You are more poisoned.
You have difficulty breathing.
You feel as though you will be slow longer.
Unknown command.
You feel very sick.
Sonja unwields an uncursed blowgun.
Sonja wields an uncursed dagger of distortion.
Its appearance distorts for a moment.
Sonja hits you with an uncursed dagger of distortion.
* * * LOW HITPOINT WARNING * * *
You feel a strange sense of stasis. Sonja hits you but does no damage.
Space bends around you.
* * * LOW HITPOINT WARNING * * *
Sonja hits you but does no damage.
You closely miss Sonja.
* * * LOW HITPOINT WARNING * * *
You feel sick.
Sonja hits you with an uncursed dagger of distortion!
You die...

################
#<.#..').#..'..#
#..').#..').#..+
#..#####'#####'#
#..# #..#...#K#
#..#__####..##@#
#..#_____##'#.(+
#⌠⌠#_.∩...'.(._#
####_..__##_.#+#
#____ ##'# ####
#(# +$.$+ #$.$#
##.##


You could see Sonja.

Vanquished Creatures
  Sigmund (D)
  A yak (D)
  An ogre (D)
  A jelly (D)
  Ijyb (D)
5 creatures vanquished.

Notes
Turn   | Place    | Note
-------+----------+-------------------------------------------
     0 | D        | dobroeutro the Troll Berserker began the quest for the Orb.
     0 | D        | Reached XP level 1. HP: 22/22 MP: 0/0
     1 | D        | Noticed Ijyb
    16 | D        | Killed Ijyb
    16 | D        | Reached skill level 6 in Unarmed Combat
    16 | D        | Reached XP level 2. HP: 16/29 MP: 1/1
    43 | D        | Noticed an ogre
    54 | D        | Killed an ogre
    54 | D        | Reached skill level 9 in Unarmed Combat
    54 | D        | Reached XP level 3. HP: 10/36 MP: 2/2
    54 | D        | Reached XP level 4. HP: 13/44 MP: 3/3
   110 | D        | Noticed Sigmund
   118 | D        | Killed Sigmund
   118 | D        | Reached ** piety under Trog
   118 | D        | Reached skill level 12 in Unarmed Combat
   118 | D        | Reached XP level 5. HP: 50/50 MP: 4/4
   160 | D        | Found a deep blue altar of Sif Muna.
   162 | D        | Found a radiant altar of Vehumet.
   165 | D        | Reached XP level 6. HP: 61/61 MP: 5/5
   183 | D        | Found Wauk's Food Emporium.
   183 | D        | Found an ancient bone altar of Kikubaaqudgha.
   183 | D        | Found a hazy altar of Hepliaklqana.
   183 | D        | Found a hide-covered altar of Uskayaw.
   183 | D        | Found a basalt altar of Yredelemnul.
   183 | D        | Found an opulent altar of Gozag.
   183 | D        | Found a snail-covered altar of Cheibriados.
   183 | D        | Found a sacrificial altar of Ru.
   183 | D        | Found a shadowy altar of Dithmenos.
   183 | D        | Noticed a yak
   186 | D        | Killed a yak
   186 | D        | Reached skill level 5 in Fighting
   186 | D        | Reached skill level 13 in Unarmed Combat
   187 | D        | Found a stormy altar of Qazlal.
   187 | D        | Found a blossoming altar of Fedhas.
   187 | D        | Found a bloodstained altar of Trog.
   187 | D        | Found an iron altar of Okawaru.
   187 | D        | Found a glowing golden altar of the Shining One.
   187 | D        | Found a glowing silver altar of Zin.
   187 | D        | Found a white marble altar of Elyvilon.
   225 | D        | Noticed Sonja
   239 | D        | Slain by Sonja

Skill      XL: |  1  2  3  4  5  6 |
---------------+-------------------+-----
Unarmed Combat | 6 9 12 13 | 13.3
Fighting       | 3 5 |  5.0
Dodging        | |  2.4

Action                   |  1- 3 |  4- 6 || total
-------------------------+-------+-------++-------
Melee: Unarmed           |    23 |    12 ||    35
       Punch             |     1 |     1 ||     2
Invok: Berserk           |     1 |     3 ||     4
  Use: Potion            |       |     3 ||     3
  Eat: Chunk             |       |     2 ||     2
Armor: Animal skin       |     4 |    10 ||    14
Dodge: Dodged            |     6 |    10 ||    16
